 Dungeon Crawl Stone Soup version 0.23-a0-899-gbbae0a3 (webtiles) character file.

Game seed: 15771143272758394471

101 George the Slasher (level 4, -3/39 HPs)
             Began as a Minotaur Fighter on Jan 29, 2019.
             Slain by an orc warrior
             ... wielding a +0 trident
              (11 damage)
             ... on level 2 of the Dungeon.
             The game lasted 00:02:36 (2126 turns).

George the Slasher (Minotaur Fighter)               Turns: 2126, Time: 00:02:37

Health: -3/39      AC: 12    Str: 22    XL:     4   Next: 48%
Magic:  3/3        EV:  4    Int:  5    God:
Gold:   147        SH:  9    Dex:  9    Spells: 3/3 levels left

rFire    . . .     SeeInvis .   a - +0 long sword
rCold    . . .     Gourm    .   c - +0 shield
rNeg     . . .     Faith    .   w - +0 plate armour (curse)
rPois    .         Spirit   .   (helmet restricted)
rElec    .         Reflect  .   q - +0 cloak (curse)
rCorr    .         Harm     .   (no gloves)
MR       .....                  (no boots)
Stlth    ..........             (no amulet)
HPRegen  0.13/turn              (no ring)
MPRegen  0.08/turn              (no ring)

@: no status effects
A: retaliatory headbutt, horns 2
a: no special abilities


You were on level 2 of the Dungeon.
You were not hungry.

You visited 1 branch of the dungeon, and saw 3 of its levels.

You collected 147 gold pieces.

Inventory:

Hand Weapons
 a - a +0 long sword (weapon)
 m - a +1 short sword of freezing
Armour
 c - a +0 shield (worn)
 q - a cursed +0 cloak (worn)
 w - a cursed +0 plate armour (worn)
Scrolls
 b - 3 scrolls of teleportation {unknown}
 g - a scroll of random uselessness {unknown}
 h - 4 scrolls of remove curse {unknown}
 i - a scroll of blinking {unknown}
 j - a scroll of immolation {unknown}
 l - a scroll of magic mapping {unknown}
 n - a scroll of identify {unknown}
 v - a scroll of fog {unknown}
Potions
 d - a potion of might
 k - 4 potions of curing {unknown}
 o - a potion of mutation {unknown}
 p - a potion of agility {unknown}
 r - a potion of heal wounds {unknown}
 s - a potion of ambrosia {unknown}
 t - a potion of resistance {unknown}
Comestibles
 f - 6 rations


   Skills:
 - Level 3.6 Fighting
 + Level 5.8 Long Blades
 - Level 3.6 Armour
 - Level 3.6 Shields


You had 3 spell levels left.
You didn't know any spells.
Your spell library was empty.

Dungeon Overview and Level Annotations

Branches:
Dungeon (3/15)

Altars:


Innate Abilities, Weirdness & Mutations

You reflexively headbutt those who attack you in melee.
You have a pair of horns on your head.


Message History

This raw flesh tastes terrible.
HP restored.
You climb downwards.
You block the orc warrior's attack.
The orc warrior hits you but does no damage.
There is a stone staircase leading up here.
You closely miss the orc warrior. You block the orc warrior's attack.
You closely miss the orc warrior.
The orc warrior hits you with a +0 trident!
You slash the orc warrior!
The orc warrior is moderately wounded.
You block the orc warrior's attack.
You closely miss the orc warrior.
You headbutt the orc warrior, but do no damage.
The orc warrior is moderately wounded.
The orc warrior hits you with a +0 trident!
* * * LOW HITPOINT WARNING * * *
You closely miss the orc warrior.
The orc warrior is moderately wounded.
The orc warrior hits you with a +0 trident!
You die...

# #.############## #
#..............#
###.############.################
#..†.............................
#.#.############'################
#.#.####.# #........# ..#......#
#........# ..######.## #........#
..........####..@.....####
.............#.o.........#
.............'...........#
############.#..[........########
# #.##...............(..
############..#.#.####...........
.....................+.....>.....
...##########...#.####...†.......
...# ##..#.# ###..†......


You could see an orc warrior.

Vanquished Creatures
  4 adders (D:2)
  An ooze (D:1)
  3 worms (D:2)
  A leopard gecko (D:1)
  2 orcs (D:2)
  A ball python (D:2)
  11 bats
  4 giant cockroaches
  4 goblins
  5 hobgoblins
  6 frilled lizards
  7 kobolds
  4 rats
53 creatures vanquished.

Vanquished Creatures (others)
  11 toadstools (D:3)
11 creatures vanquished.

Grand Total: 64 creatures vanquished

Notes
Turn   | Place    | Note
-------+----------+-------------------------------------------
     0 | D:1      | George the Minotaur Fighter began the quest for the Orb.
     0 | D:1      | Reached XP level 1. HP: 19/19 MP: 0/0
   110 | D:1      | Reached skill level 3 in Long Blades
   110 | D:1      | Reached XP level 2. HP: 26/26 MP: 1/1
   343 | D:1      | Reached skill level 4 in Long Blades
   864 | D:2      | Reached XP level 3. HP: 30/31 MP: 2/2
  1281 | D:2      | Reached skill level 5 in Long Blades
  1303 | D:2      | Reached XP level 4. HP: 32/39 MP: 3/3
  1747 | D:3      | Noticed an orc warrior
  2126 | D:2      | Slain by an orc warrior

Vault maps used:
D:1:      dpeg_arrival_boxorama
D:3:      cheibrodos_fertilizer

Skill      XL: |  1  2  3 |
---------------+----------+-----
Long Blades    | 3 4 5 |  5.8
Fighting       | |  3.6
Armour         | |  3.6
Shields        | |  3.6

Action                   |  1- 3 |  4- 6 || total
-------------------------+-------+-------++-------
Melee: Long sword        |   122 |    49 ||   171
       Headbutt          |    15 |    11 ||    26
  Eat: Chunk             |     1 |     3 ||     4
Armor: Plate armour      |   111 |    27 ||   138
Dodge: Dodged            |    22 |     7 ||    29
Block: Shield            |    70 |    25 ||    95
       Rpst.: Long sword |     6 |     3 ||     9

Table legend:
 A = Non-vault XP
 B = Vault XP
 C = Vault XP percentage of total XP
 D = Non-vault monster count
 E = Vault monster count
 F = Vault count percentage of total count
                 A         B        C        D         E       F
            +---------+---------+-------+---------+---------+-------
      Total |     145 |       0 |   0.0 |      53 |       0 |   0.0
            +---------+---------+-------+---------+---------+-------
        D:1 |      35 |       0 |   0.0 |      19 |       0 |   0.0
        D:2 |     108 |       0 |   0.0 |      33 |       0 |   0.0
        D:3 |       2 |       0 |   0.0 |       1 |       0 |   0.0
            +---------+---------+-------+---------+---------+-------
